 Dungeon Crawl Stone Soup version 0.29.0-4-gdea44cf6ec (webtiles) character file.

Game seed: 13285190558144302393

37 Ofeo the Ruffian (level 3, -1/27 HPs)
             Began as a Barachi Transmuter on Aug 28, 2022.
             Slain by Sigmund
             ... wielding a +1 scythe of freezing
              (7 damage)
             ... on level 2 of the Dungeon.
             The game lasted 00:04:31 (2599 turns).

Ofeo the Ruffian (Barachi Transmuter)               Turns: 2599, Time: 00:04:32

Health: -1/27      AC:  2    Str: 11 (13) XL:     3   Next: 41%
Magic:  5/6        EV: 12    Int: 11 (13) God:
Gold:   71         SH:  0    Dex:  9 (12) Spells: 1/7 levels left

rFire   . . .      SeeInvis .     - Unarmed
rCold   . . .      Faith    .   (no shield)
rNeg    . . .      Spirit   .   a - +0 robe
rPois   .          Reflect  .   (helmet currently unavailable)
rElec   .          Harm     .   (no cloak)
rCorr   .          Rampage  .   (no gloves)
Will    .....                   (boots currently unavailable)
Stlth   +.........              (no amulet)
HPRegen 0.09/turn               (no ring)
MPRegen 0.10/turn               (no ring)

@: appendages, slow
A: horns 2, talons 2, amphibious, slowness 1, strong legs 1, +LOS
a: Hop, End Transformation


You were on level 2 of the Dungeon.
You had temporarily grown beastly horns and talons.
You visited 1 branch of the dungeon, and saw 2 of its levels.

You collected 71 gold pieces.

Inventory:

Armour
 a - a +0 robe (worn)
Jewellery
 l - an amulet of guardian spirit
Scrolls
 c - a scroll of vulnerability {unknown}
 e - a scroll of summoning {unknown}
 g - a scroll of butterflies {unknown}
 h - 4 scrolls of teleportation {@r3}
Potions
 b - a potion of berserk rage {unknown}
 d - a potion of attraction
 f - 3 potions of resistance {@q6}
 i - 3 potions of magic {unknown}
 k - a potion of haste {unknown}
 q - 3 potions of curing {@q1}


   Skills:
 + Level 2.0 Fighting
 + Level 2.6 Dodging
 + Level 3.6 Unarmed Combat
 + Level 2.5 Spellcasting
 + Level 2.6 Transmutations
 + Level 0.2 Poison Magic


You had one spell level left.
You knew the following spells:

 Your Spells              Type           Power      Damage    Failure   Level
a - Beastly Appendage     Tmut           14%        N/A       10%         1
b - Wereblood             Tmut           7%         N/A       14%         2
c - Spider Form           Tmut/Pois      4%         N/A       43%         3

Your spell library contained the following spells:

 Spells                   Type           Power      Damage    Failure   Level
 Slow                     Hex            4%         N/A       28%         1
 Confusing Touch          Hex            1%         N/A       63%         3
 Vampiric Draining        Necr           1%         2d6       63%         3
 Ice Form                 Ice/Tmut       4%         N/A       85%         4


Dungeon Overview and Level Annotations

Branches:
Dungeon (2/15)

Altars:

Annotations:
D:2 Sigmund


Innate Abilities, Weirdness & Mutations

You have temporarily grown beastly horns and talons.
You are amphibious.
You cover ground slowly.
You can hop short distances.
You have an extended range of vision and can be seen from far away.


Message History

Casting: Beastly Appendage (safe; 10% risk of failure)
Confirm with . or Enter, or press ? or * to list all spells.
You grow a pair of large bovine horns.
Your feet morph into talons.
Sigmund the Dreaded comes into view.
He is wielding a +1 scythe of freezing.
Sigmund shouts!
Sigmund casts a spell at you.
You are confused.
You hear a shout!
You are too confused!
You are too confused!
You are too confused!
You are too confused!
You are too confused!
You are too confused!
You are too confused!
You are too confused!
You are too confused!
You are too confused!
You are too confused!
Sigmund casts a spell.
Sigmund flickers and vanishes!
Deactivating autopickup; reactivate with Ctrl-A.
The quokka bites you. x2
The quokka twitches its whiskers.
You feel less confused. The quokka misses you. The quokka closely misses you.
The quokka attacks as you move away! The quokka closely misses you.
Your horns disappear.
Your talons disappear.
The quokka bites you. The quokka attacks as you move away!
The quokka bites you.
You closely miss the quokka. The quokka bites you.
You closely miss the quokka. The quokka bites you.
* * * LOW HITPOINT WARNING * * *
Casting: Beastly Appendage (safe; 10% risk of failure)
Confirm with . or Enter, or press ? or * to list all spells.
You grow a pair of large bovine horns.
Your feet morph into talons.
The quokka bites you.
* * * LOW HITPOINT WARNING * * *
Something hits you!
You die...

.(................#.........##.##
..................#........#.##.#
..................#........#.#.##
.............................###.
...........##.....#.[............
..........##.....................
......#....#.#...............
#.........#^#...........#.##
#.........#@#.###.........##
##......## #r#........#.##.##
........####.#..............#
...............#............#
...............#.###.........
........................#...#
#####.................##.....
#........................
#.........#........#.....


You could see a quokka.

Vanquished Creatures
  An adder (D:2)
  4 endoplasms
  2 giant cockroaches
  A goblin (D:2)
  3 hobgoblins
  A quokka (D:2)
  4 ball pythons
  5 bats (D:1)
  A frilled lizard (D:2)
  2 kobolds
  4 rats
28 creatures vanquished.

Notes
Turn   | Place    | Note
-------+----------+-------------------------------------------
     0 | D:1      | Ofeo the Barachi Transmuter began the quest for the Orb.
     0 | D:1      | Reached XP level 1. HP: 15/15 MP: 3/3
   190 | D:1      | Found a faded altar of an unknown god.
   678 | D:1      | Reached XP level 2. HP: 20/21 MP: 3/5
  1878 | D:2      | Reached XP level 3. HP: 24/27 MP: 4/6
  2142 | D:1      | Learned a level 2 spell: Wereblood
  2146 | D:1      | Learned a level 3 spell: Spider Form
  2587 | D:2      | Noticed Sigmund
  2599 | D:2      | Slain by Sigmund

Illustrated notes

Levels and vault maps discovered:
D:1:      dpeg_arrival_houses_and_road, layout_basic,
          shapermc_ecumenical_altar_flowoftime, minmay_misc_feat_five
D:2:      layout_basic, amethyst_killhole, uniq_sigmund

Skill      XL: |  1  2  3 |
---------------+----------+-----
Fighting       | 2 |  2.0
Dodging        | |  2.6
Unarmed Combat | |  3.6
Spellcasting   | |  2.5
Transmutations | |  2.6
Poison Magic   | |  0.2

Action                   || total
-------------------------++-------
Melee: Unarmed           ||    79
       Headbutt          ||     9
       Kick              ||     5
 Cast: Beastly Appendage ||    20
  Use: Potion            ||     2
       Scroll            ||     7
 Stab: Sleeping          ||     1
Armor: Robe              ||    18
       Skin              ||     3
Dodge: Dodged            ||    64
